AoeStats
← Axolotlin

Arena

508441317Analyzed
4v4 RM · 9d ago on Sep 22, 2026· 58m 1s· 8 players
Game mode
Random Map
Map size
Large (8 player)
Population
200
Speed
Normal
Resources
Standard
Victory
Conquest
Starting age
Dark Age
Ending age
Imperial Age
RankedLock teamsTeams togetherTeam positionsShared explorationLock speedFull tech treeHidden civsTurbo modeCheats
Victory
Defeat
🇲🇽 Tatars · Mexico
1158
+14
🇨🇳 Portuguese · China
1128
+16
🇪🇸 Turks · Spain
1102
+17
🇹🇼 Mongols · Taiwan
1085
+18
🇹🇼 Khmer · Taiwan
1137
-17
🇹🇼 Turks · Taiwan
1119
-16
🇨🇳 Celts · China
1110
-16
🇨🇳 Persians · China
1107
-16
Axolotlin
5:10 Loom
11:11 Feudal Age
12:11 Double-Bit Axe
15:04 Castle Age
13:15 Horse Collar
16:23 Bow Saw
18:41 Town Watch
23:25 Gold Mining
27:52 Wheelbarrow
31:24 Imperial Age
29:35 Bloodlines
29:25 Husbandry
29:42 Forging
29:45 Scale Barding Armor
30:44 Ballistics
30:08 Light Cavalry
31:12 Chain Barding Armor
31:32 Iron Casting
33:37 Blast Furnace
33:25 Plate Barding Armor
35:33 Conscription
34:44 Hussar
35:20 Fletching
35:51 Padded Archer Armor
35:54 Scale Mail Armor
35:54 Heavy Camel Rider
40:31 Elite Skirmisher
41:17 Bodkin Arrow
48:10 Hand Cart
58:07 Town Patrol
58:21 Heavy Plow
fom1106
10:50 Feudal Age
9:09 Loom
11:29 Double-Bit Axe
12:28 Wheelbarrow
11:38 Loom
11:50 Horse Collar
15:56 Castle Age
15:16 Stone Mining
15:19 Gold Mining
16:47 Bow Saw
24:36 Gold Shaft Mining
25:28 Stone Shaft Mining
25:51 Heavy Plow
29:31 Imperial Age
27:58 Hand Cart
27:29 Town Watch
28:03 Fletching
28:26 Bloodlines
29:05 Husbandry
28:29 Light Cavalry
30:03 Thumb Ring
30:21 Ballistics
30:09 Bodkin Arrow
30:14 Padded Archer Armor
30:50 Conscription
32:32 Chemistry
31:19 Elite Mangudai
33:22 Leather Archer Armor
33:30 Bracer
34:01 Hussar
35:20 Scale Barding Armor
35:26 Forging
36:31 Parthian Tactics
37:16 Drill
36:21 Elite Skirmisher
37:16 Capped Ram
38:41 Nomads
40:02 Siege Ram
47:10 Heavy Camel Rider
48:14 Chain Barding Armor
48:29 Iron Casting
51:09 Blast Furnace
51:57 Caravan
57:21 Spies/Treason
muui
4:55 Loom
9:13 Loom
11:10 Feudal Age
15:35 Castle Age
14:39 Fletching
15:30 Town Watch
19:58 Horse Collar
23:04 Gold Mining
25:03 Heavy Plow
27:05 Wheelbarrow
28:51 Double-Bit Axe
44:02 Bow Saw
47:24 Hand Cart
48:32 Circumnavigation
49:37 Stone Mining
55:28 Imperial Age
53:51 Stone Shaft Mining
57:28 Crop Rotation
58:02 Two-Man Saw
Naua
3:57 Loom
10:17 Feudal Age
14:41 Castle Age
13:20 Double-Bit Axe
13:37 Horse Collar
22:29 Wheelbarrow
23:13 Fletching
23:30 Heavy Plow
24:07 Bow Saw
28:17 Hand Cart
28:10 Town Watch
32:07 Imperial Age
33:51 Conscription
33:36 Padded Archer Armor
33:31 Bodkin Arrow
35:30 Bloodlines
35:20 Husbandry
37:19 Gold Mining
37:20 Stone Mining
37:33 Bracer
37:44 Forging
37:40 Scale Barding Armor
37:53 Heavy Camel Rider
43:45 Ballistics
43:36 Masonry
43:48 Chain Barding Armor
47:35 Plate Barding Armor
47:36 Iron Casting
雨""沉
9:55 Loom
11:41 Feudal Age
12:47 Double-Bit Axe
15:03 Castle Age
13:27 Horse Collar
26:09 Bloodlines
28:00 Scale Barding Armor
29:13 Heavy Plow
30:05 Gold Mining
32:57 Wheelbarrow
32:45 Husbandry
33:08 Forging
33:21 Chain Barding Armor
33:19 Forging
35:09 Gold Shaft Mining
36:58 Hand Cart
39:47 Stone Mining
43:22 Tusk Swords
44:04 Iron Casting
44:14 Stone Shaft Mining
43:32 Town Watch
44:08 Bow Saw
49:12 Imperial Age
47:52 Town Patrol
49:22 Elite Battle Elephant
50:43 Plate Barding Armor
51:08 Blast Furnace
50:55 Conscription
54:04 Fortified Wall
55:24 Padded Archer Armor
55:15 Fletching
ky21431
12:48 Feudal Age
14:32 Gold Mining
17:02 Castle Age
14:57 Double-Bit Axe
21:39 Imperial Age
31:11 Horse Collar
32:52 Loom
53:41 Gold Shaft Mining
53:21 Stone Mining
54:27 Fortified Wall
54:40 Bow Saw
55:10 Scale Barding Armor
55:51 Wheelbarrow
高希英娜
10:53 Feudal Age
14:31 Castle Age
12:35 Double-Bit Axe
12:59 Horse Collar
15:36 Bow Saw
16:04 Heavy Plow
22:10 Wheelbarrow
21:50 Gold Mining
25:32 Gold Shaft Mining
28:35 Imperial Age
25:51 Loom
27:05 Hand Cart
26:53 Pikeman
28:11 Stone Mining
28:41 Capped Ram
28:47 Halberdier
30:20 Forging
30:29 Elite Skirmisher
30:34 Siege Ram
31:36 Fletching
33:16 Chemistry
32:37 Ballistics
33:06 Bodkin Arrow
33:27 Padded Archer Armor
33:52 Fortified Wall
34:49 Stone Shaft Mining
34:44 Siege Engineers
35:26 Leather Archer Armor
36:09 Conscription
37:09 Scale Mail Armor
38:13 Chain Mail Armor
39:01 Iron Casting
41:54 Ring Archer Armor
44:01 Hoardings
46:24 Blast Furnace
46:11 Plate Mail Armor
51:04 Gambesons
2664077206
11:12 Feudal Age
11:37 Feudal Age
12:24 Double-Bit Axe
15:05 Castle Age
13:00 Horse Collar
21:01 Loom
25:57 Bow Saw
28:34 Heavy Plow
32:46 Imperial Age
31:13 Gold Mining
31:45 Husbandry
31:55 Bloodlines
32:17 Fletching
32:33 Scale Barding Armor
32:39 Forging
33:16 Wheelbarrow
32:27 Town Watch
33:03 Forging
32:31 Cavalier
33:54 Chain Barding Armor
34:36 Iron Casting
34:22 Savar
38:38 Plate Barding Armor
Connection lost

Rejoining the realm…

Still unreachable

The connection could not be restored.

Session expired

The server has moved on; the page needs a fresh start.